 Dungeon Crawl Stone Soup version 0.30-a0-365-ge7f957f1db (webtiles) character file.

Game seed: 16264085267014951185

34 RascalDebosk the Magician (level 3, 0/25 HPs)
             Began as a Djinni Hedge Wizard on Nov 16, 2022.
             Slain by a bat (1 damage)
             ... on level 2 of the Dungeon.
             The game lasted 00:11:30 (802 turns).

RascalDebosk the Magician (Djinni Hedge Wizard)      Turns: 802, Time: 00:11:31

Health: 0/25       AC:  2    Str:  9    XL:     3   Next: 50%
Gold:   69         EV: 12    Int: 17    God:
                   SH:  5    Dex: 12

rFire   + + .      SeeInvis .    g - +2 short sword (vamp)
rCold   x . .      Faith    .    (no shield)
rNeg    . . .      Spirit   .    b - +0 robe
rPois   ∞          Reflect  +    c - +0 hat
rElec   .          Harm     .    (no cloak)
rCorr   .          Rampage  .    (no gloves)
Will    .....                    (boots unavailable)
Stlth   ++........               i - amulet of reflection
HPRegen 0.24/turn                (no ring)
MPRegen 0.00/turn                (no ring)

@: flying
A: sickness immunity, fire resistance 2, cold vulnerability 1, float, innate
caster, HP casting, extra vitality 1
a: no special abilities


You were on level 2 of the Dungeon.
You visited 1 branch of the dungeon, and saw 2 of its levels.

You collected 69 gold pieces.

Inventory:

Hand Weapons
 g - a +2 vampiric short sword (weapon)
Armour
 b - a +0 robe (worn)
 c - a +0 hat (worn)
Jewellery
 i - an amulet of reflection (around neck)
Scrolls
 a - a scroll of blinking {unknown}
 d - a scroll of butterflies {unknown}
 e - 3 scrolls of identify {unknown}
 f - a scroll of teleportation {unknown}
 h - a scroll of summoning {unknown}
Potions
 j - a potion of curing {unknown}
 k - a potion of haste {unknown}


   Skills:
 - Level 2.1 Dodging
 - Level 1.5 Stealth
 + Level 3.4 Spellcasting


You couldn't memorise any spells.
You knew the following spells:

 Your Spells              Type           Power      Damage    Failure   Level
a - Magic Dart            Conj           56%        1d5       4%          1
b - Slow                  Hex            56%        N/A       4%          1
c - Blink                 Tloc           28%        N/A       6%          2
d - Call Imp              Summ           14%        N/A       6%          2
e - Cigotuvi's Dreadful   Necr/Pois/Air  28%        N/A       6%          2
f - Mephitic Cloud        Conj/Pois/Air  14%        N/A       12%         3
g - Kiss of Death         Conj/Necr      56%        2d9       4%          1
Your spell library was empty.

Dungeon Overview and Level Annotations

Branches:
Dungeon (2/15)

Altars:


Innate Abilities, Weirdness & Mutations

You are immune to sickness and miasma.
You are immune to poison.
Your flesh is very heat resistant. (rF++)
You are vulnerable to cold. (rC-)
You float through the air rather than walking.
You learn spells naturally, not from books.
Your magical power is your life essence.
You have superior vitality. (+4 MHP)


Message History

Aim: a worm (moderately wounded, 100% to hit)
The magic dart hits the worm.
The worm is moderately wounded.
* * * LOW HITPOINT WARNING * * *
Casting: Magic Dart (safe; 4% risk of failure)
Confirm with . or Enter, or press ? or * to list all spells.
A beastly little devil appears in a puff of flame.
* * * LOW HITPOINT WARNING * * *
The worm bites your crimson imp.
Aiming: Magic Dart (safe; 4% risk of failure)
Press: ? - help, Q - select action, (/) - cycle Shift-Dir - straight line, f - goblin, p - worm
Aim: a goblin, wielding a +0 dagger (100% to hit)
The magic dart hits the goblin.
The goblin is heavily wounded.
* * * LOW HITPOINT WARNING * * *
Your crimson imp blinks!
A gnoll comes into view. It is wielding a +0 spear.
Aiming: Magic Dart (safe; 4% risk of failure)
Press: ? - help, Q - select action, (/) - cycle Shift-Dir - straight line, f/p - goblin
Aim: a goblin, wielding a +0 dagger (heavily wounded, 100% to hit)
The magic dart hits the goblin.
You kill the goblin!
* * * LOW HITPOINT WARNING * * *
Your crimson imp blinks!
Your crimson imp blinks!
Aiming: Magic Dart (safe; 4% risk of failure)
Press: ? - help, Q - select action, (/) - cycle Shift-Dir - straight line, f - giant cockroach
Aim: a giant cockroach (100% to hit)
The magic dart hits the giant cockroach.
The giant cockroach is severely wounded.
* * * LOW HITPOINT WARNING * * *
The giant cockroach bites you but does no damage.
Aiming: Magic Dart (safe; 4% risk of failure)
Press: ? - help, Q - select action, (/) - cycle Shift-Dir - straight line, f/p - giant cockroach
Aim: a giant cockroach (severely wounded, 100% to hit)
You miscast Magic Dart.
You are very lightly contaminated with residual magic.
Nothing appears to happen.
* * * LOW HITPOINT WARNING * * *
The giant cockroach bites you.
* * * LOW HITPOINT WARNING * * *
The giant cockroach attacks as you move away!
The giant cockroach bites you.
* * * LOW HITPOINT WARNING * * *
Your crimson imp hits the worm.
Your crimson imp hits the worm.
The giant cockroach misses you.
The giant cockroach attacks as you move away!
The giant cockroach barely misses you.
The giant cockroach attacks as you move away!
The giant cockroach bites you.
* * * LOW HITPOINT WARNING * * *
Your crimson imp hits the worm.
Your magical contamination has completely faded away.
Your crimson imp blinks!
Aiming: Magic Dart (safe; 4% risk of failure)
Press: ? - help, Q - select action, (/) - cycle Shift-Dir - straight line, f/p - giant cockroach
Aim: a giant cockroach (severely wounded, 100% to hit)
The magic dart hits the giant cockroach.
You kill the giant cockroach!
* * * LOW HITPOINT WARNING * * *
Your crimson imp says, "You're so much nicer than my last boss."
A kobold comes into view. It is wielding a +0 club.
Found a club.
The kobold moves out of view.
The kobold shouts!
The kobold throws a stone.
You reflect the stone off an invisible shield around you!
The stone barely misses the kobold.
The kobold throws a stone.
The stone closely misses you.
Your crimson imp hits the worm but does no damage.
The kobold throws a stone.
The stone hits you but does no damage.
Aiming: Magic Dart (safe; 4% risk of failure)
Press: ? - help, Q - select action, (/) - cycle Shift-Dir - straight line, f - kobold
Aim: a kobold, wielding a +0 club and quivering stones (100% to hit)
Okay, then.
The kobold throws a stone.
You reflect the stone off an invisible shield around you!
The stone hits the kobold.
A bat comes into view.
The bat barely misses you.
The kobold throws a stone.
The stone misses you.
A hobgoblin comes into view.
The hobgoblin shouts!
The gnoll misses you. The bat hits you but does no damage.
A goblin comes into view. It is wielding a +0 dagger.
The goblin shouts!
You hear a shout!
A bat comes into view.
The bat closely misses you.
The bat moves out of view.
The bat attacks as you move away! The bat hits you but does no damage.
A gnoll comes into view. It is wielding a +0 club.
The gnoll shouts!
The bat barely misses you.
An endoplasm comes into view.
A hobgoblin comes into view. 2 gnolls come into view.
Found an escape hatch in the floor.
You block the bat's attack. The hobgoblin misses you.
The goblin barely misses you. The bat attacks as you move away!
You block the bat's attack. The hobgoblin attacks as you move away!
The hobgoblin hits you.
* * * LOW HITPOINT WARNING * * *
The bat hits you but does no damage. The bat hits you.
You die...

#........# #..........#####
#........# ###).<.....#######
#........#######..........###....
#...)........w..........)........
#........######..#........###....
#........# #.####......# ....
#........# #.# #.###### ....
#........######.###..# ....
#######....K...b@..<#.. ....
###....g..gb...... ....
#.........g........# ...#
#..................#
#................g..
#..............g##..
#...............J. .
#...............gg#
#................#>


You could see 4 gnolls, an endoplasm (wandering), 2 hobgoblins, a goblin, 2 bats
and a kobold.

Vanquished Creatures
  An adder (D:2)
  A worm (D:2)
  A dart slug (D:1)
  2 endoplasms
  A giant cockroach (D:2)
  4 goblins
  3 hobgoblins (D:1)
  A quokka (D:1)
  A ball python (D:2)
  3 rats (D:1)
18 creatures vanquished.

Vanquished Creatures (collateral kills)
  A kobold (D:2)
1 creature vanquished.

Grand Total: 19 creatures vanquished

Notes
Turn   | Place    | Note
-------+----------+-------------------------------------------
     0 | D:1      | RascalDebosk the Djinni Hedge Wizard began the quest for
                  | the Orb.
     0 | D:1      | RascalDebosk set off with the following spells memorised:
                  | Magic Dart, Slow, Blink, Call Imp, Cigotuvi's Dreadful Rot,
                  | Mephitic Cloud.
     0 | D:1      | Reached XP level 1. HP: 15/15 MP: 0/0
   226 | D:1      | Reached XP level 2. HP: 20/21 MP: 0/0
   466 | D:1      | Reached skill level 3 in Spellcasting
   651 | D:2      | Reached XP level 3. HP: 7/25 MP: 0/0
   651 | D:2      | Learned a level 1 spell: Kiss of Death
   802 | D:2      | HP: 1/25 [hobgoblin (5)]
   802 | D:2      | Slain by a bat

Illustrated notes

Levels and vault maps discovered:
D:1:      mushboom_english_gardens, layout_loops_ring
D:2:      layout_rooms

Skill      XL: |  1  2 |
---------------+-------+-----
Spellcasting   | 3 |  3.4
Dodging        | |  2.1
Stealth        | |  1.5

Action                   || total
-------------------------++-------
Melee: Short sword       ||     4
 Cast: Magic Dart        ||    44
       Call Imp          ||     2
       Mephitic Cloud    ||     3
       Blink             ||     1
 Stab: Sleeping          ||     1
Armor: Robe              ||     5
Dodge: Dodged            ||    13
Block: Other             ||     6
       Reflection        ||     2

Table legend: (Time is in decaauts)
 A = Elapsed time spent in this place.
 B = Non-inter-level travel time spent in this place.
 C = Inter-level travel time spent in this place.
 D = Time resting spent in this place.
 E = Time spent auto-exploring this place.
 F = Levels seen in this place.
 G = Mean time per level.
                   A        B        C        D        E       F      G
               +--------+--------+--------+--------+--------+-----+--------+
         Total |    801 |    770 |     31 |     73 |    520 |   2 |  400.5 |
       Dungeon |    801 |    770 |     31 |     73 |    520 |   2 |  400.5 |
               +--------+--------+--------+--------+--------+-----+--------+

Top non-repeatable levels by time:
     D:1: 639 daAuts
     D:2: 161 daAuts
